 Dungeon Crawl Stone Soup version 0.20-a0-739-g6bb112f (webtiles) character file.

8806 Dipster the Fighter (level 11, -3/90 HPs)
             Began as a Barachian Fighter on Jan 21, 2017.
             Was an Elder of Okawaru.
             Slain by a porcupine (10 damage)
             ... on level 1 of the Lair of Beasts on Feb 24, 2017.
             The game lasted 00:37:26 (16737 turns).

Dipster the Fighter (Barachian Fighter)            Turns: 16737, Time: 00:37:27

Health: -3/90      AC: 11    Str: 15    XL:     11   Next: 36%
Magic:  14/14      EV: 12    Int: 10    God:    Okawaru [****..]
Gold:   801        SH:  4    Dex: 15    Spells: 5/10 levels left

rFire    . . .     SeeInvis .   T - +5 great sword
rCold    . . .     Gourm    .   L - +4 ring mail
rNeg     + . .     Faith    .   (shield currently unavailable)
rPois    +         Spirit   .   M - +0 helmet {Int+3}
rElec    .         Reflect  .   n - +0 cloak (curse)
rCorr    .         Harm     .   (no gloves)
MR       .....                  (no boots)
Stlth    +.........             (no amulet)
Regen    0.3/turn               A - ring of wizardry
MPRegen  0.2/turn               G - ring of positive energy

@: slow
A: swims, large bone plates 1, agile 1, blurry vision 1, deformed body, poison
resistance, slowness 1, strong legs 1
a: Hop, Heroism, Renounce Religion


You were on level 1 of the Lair of Beasts.
You worshipped Okawaru.
Okawaru was greatly pleased with you.
You were hungry.

You visited 3 branches of the dungeon, and saw 11 of its levels.
You also visited: Ossuary.

You collected 801 gold pieces.

Inventory:

Hand Weapons
 a - a +1 war axe
 k - a +2 dagger of holy wrath
 q - a +0 hunting sling
 z - a +2 whip of electrocution
 C - a +2 whip of venom
 K - a +1 vampiric spear
 O - a +0 blowgun
 S - a +5 long sword
 T - a +5 great sword (weapon)
Missiles
 e - 6 tomahawks (quivered)
 r - 24 sling bullets
 P - 51 poisoned needles
 W - 5 poisoned tomahawks
Armour
 b - a +1 scale mail
 c - a +0 shield
 l - the +0 leather armour "Javvemir" {rC++}
   (You found it on level 7 of the Dungeon)

   It greatly protects you from cold.
 n - a cursed +0 cloak (worn)
 F - a +0 plate armour
 L - a +4 ring mail (worn)
 M - a +0 helmet of intelligence (worn)
 V - a +0 helmet
 X - a +0 ring mail of fire resistance
Magical Staves
 y - an uncursed staff of cold
 I - an uncursed staff of fire
Jewellery
 A - a ring of wizardry (right hand)
 G - a ring of positive energy (left hand)
 J - an uncursed ring of protection from cold
Wands
 w - a wand of lightning (3/15)
 N - a wand of scattershot (5/9)
 Q - a wand of acid (9/15)
Scrolls
 g - 5 scrolls of teleportation
 i - 2 scrolls of magic mapping
 t - 3 scrolls of amnesia
 u - 4 scrolls of remove curse
 D - 2 scrolls of enchant armour
 E - a scroll of blinking
 R - 3 scrolls of fear
 Z - a scroll of acquirement
Potions
 d - a potion of heal wounds
 h - 3 potions of invisibility
 j - 3 potions of lignification
 m - a potion of curing
 s - 2 potions of agility
 v - 2 potions of flight
 B - 6 potions of brilliance
Books
 p - a book of Maledictions

   Spells                             Type                      Level
   a - Corona                         Hexes                        1
   b - Ensorcelled Hibernation        Hexes/Ice                    2
   c - Confuse                        Hexes                        3
   d - Tukima's Dance                 Hexes                        3
   e - Dazzling Spray                 Conjuration/Hexes            3
 H - a book of Minor Magic

   Spells                             Type                      Level
   a - Magic Dart                     Conjuration                  1
   b - Blink                          Translocation                2
   c - Call Imp                       Summoning                    2
   d - Slow                           Hexes                        2
   e - Conjure Flame                  Conjuration/Fire             3
   f - Mephitic Cloud                 Conjuration/Poison/Air       3
 Y - a book of Enchantments

   Spells                             Type                      Level
   a - Cause Fear                     Hexes                        4
   b - Yara's Violent Unravelling     Hexes/Transmutation          5
   c - Silence                        Hexes/Air                    5
   d - Deflect Missiles               Charms/Air                   6
   e - Discord                        Hexes                        8
Miscellaneous
 U - a fan of gales
Comestibles
 f - 3 bread rations
 o - 5 meat rations
 x - 4 fruits


   Skills:
 - Level 9.8 Fighting
 * Level 8.5 Long Blades
 - Level 9.2 Axes
 + Level 9.6 Armour
 - Level 2.7 Dodging
 - Level 3.0 Shields
 + Level 4.0 Invocations


You had 5 spell levels left.
You knew the following spells:

 Your Spells              Type           Power        Failure   Level  Hunger
a - Mephitic Cloud        Conj/Pois/Air  #.......     85%         3    ####...
b - Blink                 Tloc           N/A          56%         2    ###....


Dungeon Overview and Level Annotations

Branches:
Dungeon (9/15)             Temple (1/1) D:4            Lair (1/6) D:8
    Orc (0/2) D:9

Altars:
Ashenzari
Cheibriados
Dithmenos
Elyvilon
Fedhas
Gozag
Hepliaklqana
Kikubaaqudgha
Makhleb
Nemelex Xobeh
Okawaru
Qazlal
Ru
Sif Muna
Trog
Uskayaw
Vehumet
Xom
Yredelemnul
Zin
The Shining One

Shops:
D:5 [   D:9 (


Innate Abilities, Weirdness & Mutations

You can swim through water.
You cover ground slowly.
You can hop short distances.
You are partially covered in large bone plates. (SH +4)
You are agile. (Dex +2)
Scrolls take you a little longer to read.
Armour fits poorly on your strangely shaped body.
Your system is resistant to poisons. (rPois)


Message History

The porcupine is moderately wounded.
The porcupine barely misses you. x2
Your ring mail prevents you from hitting the porcupine.
The porcupine is moderately wounded.
The porcupine bites you!
You are struck by the porcupine's spines.
You hit the porcupine.
The porcupine is heavily wounded.
The porcupine closely misses you. The porcupine bites you!
* * * LOW HITPOINT WARNING * * *
You barely miss the porcupine.
The porcupine is heavily wounded.
The porcupine bites you!
* * * LOW HITPOINT WARNING * * *
You are struck by the porcupine's spines.
* * * LOW HITPOINT WARNING * * *
You barely miss the porcupine.
The porcupine is heavily wounded.
The porcupine bites you!
You die...

#######
########.#P#.#.####
#.....(...@rF......
#...#########......
#...P# ..... #...##
.... ##...# ...
#P...## .. ##....#
. #...###
#...#P#####


You could see a spiny frog and a porcupine.

Vanquished Creatures
  A two-headed ogre (D:9)
  The ghost of Meow the Thaumaturge, a novice NaWz (D:7)
  Pikel (D:5)
  Maurice (D:8)
  A wyvern (D:9)
  6 yaks
  A hungry ghost (D:8)
  A water moccasin (D:9)
  3 porcupines
  5 ice beasts
  A necrophage (D:7)
  2 orc warriors
  2 black bears (D:7)
  4 phantoms
  5 ogres
  4 crocodiles (D:8)
  A big kobold (D:6)
  Blork the orc (D:6)
  An elf zombie (Ossuary)
  7 bullfrogs
  2 gnoll sergeants
  5 scorpions
  4 howler monkeys
  5 wights (D:7)
  A bullfrog zombie (D:5)
  3 hounds
  3 human zombies (Ossuary)
  6 orc priests
  2 jellies (D:7)
  11 orc wizards
  A bullfrog skeleton (D:4)
  3 centaur skeletons
  3 iguanas
  Jessica (D:2)
  Ijyb (D:2)
  Terence (D:2)
  13 worker ants
  3 mummies (Ossuary)
  A hound zombie (D:7)
  A worker ant zombie (D:7)
  14 gnolls
  19 adders
  A shadow imp (D:5)
  An ooze (D:2)
  6 adder zombies
  3 adder skeletons
  2 worms
  3 dart slugs
  5 leopard geckos
  27 orcs
  2 ball pythons
  10 bats
  4 giant cockroaches
  A gnoll zombie (Ossuary)
  6 goblins
  5 hobgoblins
  9 jackals
  8 quokkas
  7 frilled lizards
  2 goblin zombies
  5 hobgoblin zombies (Ossuary)
  4 jackal zombies (Ossuary)
  13 kobolds
  3 kobold zombies (Ossuary)
  A leopard gecko skeleton (D:4)
  2 orc zombies (Ossuary)
  5 quokka zombies (Ossuary)
  7 rats
  3 rat zombies
297 creatures vanquished.

Vanquished Creatures (others)
  A sky beast (D:8)
  A jelly (D:5)
  2 fungi (D:8)
  4 plants (D:8)
8 creatures vanquished.

Grand Total: 305 creatures vanquished

Notes
Turn   | Place    | Note
-------+----------+-------------------------------------------
     0 | D:1      | Dipster the Barachian Fighter began the quest for the Orb.
     0 | D:1      | Reached XP level 1. HP: 18/18 MP: 1/1
   287 | D:1      | Reached XP level 2. HP: 21/24 MP: 2/2
   675 | D:1      | Reached XP level 3. HP: 25/30 MP: 3/3
  1063 | D:2      | Noticed Terence
  1074 | D:2      | Killed Terence
  1074 | D:2      | Reached XP level 4. HP: 30/38 MP: 4/4
  1381 | D:2      | Reached skill level 5 in Fighting
  1386 | D:2      | Noticed Ijyb
  1391 | D:2      | Noticed Jessica
  1398 | D:2      | Killed Ijyb
  1398 | D:2      | Reached XP level 5. HP: 39/44 MP: 5/5
  1399 | D:2      | Killed Jessica
  1733 | D:2      | Found a sacrificial altar of Ru.
  2640 | D:3      | Reached XP level 6. HP: 46/51 MP: 6/6
  3303 | D:4      | Found a staircase to the Ecumenical Temple.
  3322 | Temple   | Entered the Ecumenical Temple
  3438 | D:4      | Reached skill level 5 in Axes
  3467 | D:4      | Reached XP level 7. HP: 45/59 MP: 7/7
  4357 | D:4      | Found a hazy altar of Hepliaklqana.
  4358 | D:4      | Found a shimmering altar of Xom.
  4359 | D:4      | Noticed a spectral ugly thing
  4505 | D:4      | Found an opulent altar of Gozag.
  4505 | D:4      | Found an iron altar of Okawaru.
  4506 | D:4      | Found a hide-covered altar of Uskayaw.
  4506 | D:4      | Found a radiant altar of Vehumet.
  4532 | D:4      | Became a worshipper of Warmaster Okawaru
  4837 | D:5      | Entered Level 5 of the Dungeon
  4841 | D:5      | Reached XP level 8. HP: 63/67 MP: 8/8
  5024 | D:5      | Found a sand-covered staircase.
  5053 | Ossuary  | Entered an ossuary
  5702 | Ossuary  | Reached skill level 5 in Armour
  5835 | Ossuary  | Learned a level 3 spell: Mephitic Cloud
  5903 | D:5      | Noticed Pikel
  5930 | D:5      | Killed Pikel
  5930 | D:5      | Reached * piety under Okawaru
  6438 | D:5      | Reached XP level 9. HP: 37/74 MP: 9/9
  6602 | D:5      | Found Jala's Antique Armour Boutique.
  7725 | D:6      | Noticed Blork the orc
  7734 | D:6      | Killed Blork the orc
  7734 | D:6      | Reached ** piety under Okawaru
  8698 | D:7      | Gained mutation: Your system is resistant to poisons. (rPois) [potion of beneficial mutation]
  8699 | D:7      | Gained mutation: You are partially covered in large bone plates. (SH +4) [potion of mutation]
  8699 | D:7      | Gained mutation: Armour fits poorly on your strangely shaped body. [potion of mutation]
  9181 | D:7      | Noticed Meow's ghost (novice NaWz)
  9218 | D:7      | Killed Meow's ghost
  9218 | D:7      | Reached XP level 10. HP: 51/83 MP: 10/10
  9440 | D:7      | Reached *** piety under Okawaru
 11096 | D:6      | Upgraded the game from 0.20-a0-507-gc86f373 to 0.20-a0-739-g6bb112f
 11109 | D:6      | Learned a level 2 spell: Blink
 11655 | D:8      | Reached skill level 1 in Dodging
 11882 | D:7      | Reached skill level 5 in Long Blades
 12375 | D:7      | Got a brightly glowing leather armour
 12386 | D:7      | Identified the +0 leather armour "Javvemir" {rC++} (You found it on level 7 of the Dungeon)
 12935 | D:8      | Reached **** piety under Okawaru
 14003 | D:7      | Reached skill level 1 in Invocations
 14525 | D:8      | Noticed Maurice
 14801 | D:8      | Found a staircase to the Lair.
 14940 | D:8      | Killed Maurice
 14940 | D:8      | Reached XP level 11. HP: 37/90 MP: 12/12
 14945 | D:8      | Gained mutation: Scrolls take you a little longer to read. [mutagenic meat]
 14948 | D:8      | Gained mutation: You are agile. (Dex +2) [mutagenic meat]
 15423 | D:9      | Found a staircase to the Orcish Mines.
 15434 | D:9      | Received a gift from Okawaru
 15466 | D:9      | Found Afiyduwa's Weapon Boutique.
 15926 | D:9      | Noticed a two-headed ogre
 15936 | D:9      | Killed a two-headed ogre
 16197 | D:9      | Identified a scroll of acquirement
 16348 | Lair:1   | Entered Level 1 of the Lair of Beasts
 16737 | Lair:1   | Slain by a porcupine

Vault maps used:
D:1:      dpeg_arrival_central
D:2:      nicolae_ru_the_path_less_chosen, first_bread,
          kennysheep_generic_room_13, uniq_iyjb, uniq_jessica, uniq_terence
D:3:      minmay_statues_item
D:4:      regret_index_temple_of_mockery,
          chequers_temple_overflow_statue_of_worship, grunt_ministairs_8
D:5:      serial_shops, shop, enter_ossuary_4, uniq_pikel
D:6:      minmay_misc_feat_more_columns, uniq_blork_the_orc
D:7:      serial_undead, serial_undead_e, serial_undead_b, serial_undead_a,
          serial_undead_f
D:8:      minmay_lair_entry_grove, uniq_maurice
D:9:      orc_david_3, kennysheep_generic_room_14
Temple:   eino_temple_lava
Ossuary:  minmay_ossuary_two_tombs

Skill      XL: |  1  2  3  4  5  6  7  8  9 10 11 |
---------------+----------------------------------+-----
Fighting       | 4 5 6 7 9 |  9.8
Axes           | 3 4 5 6 8 9 |  9.2
Armour         | 4 5 7 9 |  9.6
Long Blades    | 2 7 8 |  8.5
Dodging        | 2 |  2.7
Invocations    | 2 4 |  4.0
Shields        | |  3.0

Action                   |  1- 3 |  4- 6 |  7- 9 | 10-12 || total
-------------------------+-------+-------+-------+-------++-------
Melee: War axe           |   135 |   209 |   538 |       ||   882
       Great sword       |       |       |    21 |   367 ||   388
       Long sword        |       |       |     7 |       ||     7
Invok: Heroism           |       |       |       |     1 ||     1
 Abil: Shaft Self        |     1 |     2 |       |     1 ||     4
       Hop               |       |       |       |     1 ||     1
Evoke: Wand              |       |       |       |     9 ||     9
  Use: Potion            |       |     1 |     6 |     3 ||    10
       Scroll            |       |       |    20 |     9 ||    29
  Eat: Chunk             |     1 |     9 |    12 |    14 ||    36
       Meat ration       |       |       |     2 |     2 ||     4
       Fruit             |       |       |       |     1 ||     1
       Bread ration      |       |       |       |     1 ||     1
       Royal jelly       |       |       |       |     1 ||     1
Armor: Scale mail        |    89 |    97 |   220 |    95 ||   501
       Skin              |       |       |     3 |       ||     3
       Plate armour      |       |       |       |    35 ||    35
       Ring mail         |       |       |       |    49 ||    49
Dodge: Dodged            |    55 |    61 |   134 |   227 ||   477
Block: Shield            |    91 |   113 |   210 |       ||   414
       Other             |       |       |     3 |    94 ||    97
       Rpst.: Great sword |       |       |     1 |    58 ||    59
       Long sword        |       |       |     1 |       ||     1
